 Dungeon Crawl Stone Soup version 0.30-a0-782-ge64f9170bb (webtiles) character file.

Game seed: 4711707140399808295

109216 Leeroy the Fencer (level 16, -6/88 (90) HPs)
             Began as a Vine Stalker Warper on Mar 8, 2023.
             Was a Follower of Uskayaw.
             Mangled by a spark wasp (12 damage)
             ... on level 3 of the Spider Nest on Mar 9, 2023.
             The game lasted 00:50:27 (27786 turns).

Leeroy the Fencer (Vine Stalker Warper)            Turns: 27786, Time: 00:50:27

HP:   -6/88 (90)    AC: 16    Str: 14    XL:     16   Next: 51%
MP:   0/33          EV: 19    Int: 13    God:    Uskayaw [*.....]
Gold: 1960          SH:  0    Dex: 22    Spells: 16/40 levels left

rFire   . . .      SeeInvis .    Y - +7 great sword (freeze)
rCold   . . .      Faith    +    (shield currently unavailable)
rNeg    . . .      Spirit   +    e - +1 acid dragon scales
rPois   .          Reflect  .    q - +2 hat
rElec   .          Harm     .    t - +2 cloak {rCorr}
rCorr   +          Rampage  .    A - +2 pair of gloves
Will    ++...                    (no boots)
Stlth   +                        W - amulet of faith
HPRegen 1.14/turn                i - +4 ring of slaying
MPRegen 0.23/turn                b - ring of wizardry

@: lightly drained
A: fangs 3, regeneration 1, magic shield, antimagic bite, no potion heal 2
a: Renounce Religion, Stomp


You were on level 3 of the Spider Nest.
You worshipped Uskayaw.
Uskayaw was noncommittal.
You visited 6 branches of the dungeon, and saw 27 of its levels.
You also visited: Ossuary.

You collected 2329 gold pieces.
You spent 369 gold pieces at shops.

Inventory:

Hand Weapons
 c - a +4 double sword of flaming
 O - a +2 short sword of electrocution
 Y - a +7 great sword of freezing (weapon)
Missiles
 a - a curare-tipped dart
 d - 7 boomerangs of dispersal
 J - 48 poisoned darts
 V - 3 throwing nets
 X - 6 javelins (quivered)
Armour
 e - +1 acid dragon scales (worn)
 f - an orb of guile
 k - a scarf of repulsion
 l - a +2 robe of willpower
 p - a scarf of shadows
 q - a +2 hat (worn)
 t - a +2 cloak of preservation (worn)
 A - a +2 pair of gloves (worn)
 K - a +2 scale mail of fire resistance
 S - a +2 robe of cold resistance
Jewellery
 b - a ring of wizardry (right hand)
 i - a +4 ring of slaying (left hand)
 C - a ring of protection from fire
 N - a ring of positive energy
 T - a ring of positive energy
 W - an amulet of faith (around neck)
Wands
 h - a wand of mindburst (3)
 n - a wand of polymorph (4)
 r - a wand of light (13)
 u - a wand of paralysis (12)
 I - a wand of iceblast (8)
 P - a wand of digging (12)
 Z - a wand of flame (42)
Scrolls
 g - a scroll of silence
 j - 5 scrolls of vulnerability
 o - 2 scrolls of fog
 w - 3 scrolls of poison
 y - 2 scrolls of torment
 D - 4 scrolls of fear
 E - 5 scrolls of teleportation
Potions
 m - 3 potions of flight
 s - 9 potions of brilliance
 x - a potion of magic
 z - 3 potions of curing
 B - 3 potions of might
 F - 2 potions of attraction
 G - a potion of invisibility
 H - 4 potions of cancellation
 L - 3 potions of berserk rage
 M - 4 potions of haste
 Q - 2 potions of ambrosia
 R - 5 potions of mutation
 U - 2 potions of resistance


   Skills:
 - Level 12.8 Fighting
 - Level 16.0 Long Blades
 - Level 0.3(0.5) Axes
 - Level 0.3(0.5) Maces & Flails
 - Level 0.3(0.5) Polearms
 - Level 0.3(0.5) Staves
 - Level 0.3 Ranged Weapons
 - Level 0.8 Throwing
 - Level 5.0 Armour
 - Level 10.0 Dodging
 - Level 0.3 Shields
 + Level 12.9 Spellcasting
 - Level 0.3 Hexes
 - Level 0.3 Summonings
 - Level 0.2 Necromancy
 - Level 11.0 Translocations
 - Level 0.2 Fire Magic
 - Level 0.3 Ice Magic
 - Level 4.2 Air Magic
 - Level 0.3 Poison Magic


You had 16 spell levels left.
You knew the following spells:

 Your Spells              Type           Power      Damage    Failure   Level
a - Blink                 Tloc           74%        N/A       1%          2
b - Vhi's Electric Charg  Tloc/Air       56%        N/A       1%          3
c - Manifold Assault      Tloc           37%        N/A       1%          4
d - Swiftness             Air            19%        N/A       2%          3
e - Passwall              Tmut/Erth      6%         N/A       7%          2
f - Iskenderun's Mystic   Conj/Tloc      22%        2d6       4%          4
g - Mephitic Cloud        Conj/Pois/Air  12%        N/A       8%          3
h - Ozocubu's Armour      Ice            9%         N/A       12%         3

Your spell library contained the following spells:

 Spells                   Type           Power      Damage    Failure   Level
 Lesser Beckoning         Tloc           74%        N/A       1%          2
 Kindle Blastsparks       Fire/Tloc/Air  42%        2d13      1%          3
 Portal Projectile        Hex/Tloc       46%        N/A       1%          3
 Teleport Other           Tloc           37%        N/A       1%          3
 Poisonous Vapours        Pois/Air       28%        N/A       2%          2
 Magic Dart               Conj           32%        1d4       4%          1
 Sting                    Tmut/Pois      32%        1d4       4%          1
 Summon Small Mammal      Summ           36%        N/A       4%          1
 Call Imp                 Summ           9%         N/A       6%          2
 Ensorcelled Hibernation  Hex/Ice        18%        N/A       6%          2
 Ignite Poison            Fire/Tmut/Pois 8%         N/A       12%         3
 Dazzling Flash           Conj/Hex       16%        N/A       13%         3
 Hailstorm                Conj/Ice       8%         3d4       13%         3
 Cause Fear               Hex            4%         N/A       34%         4
 Olgreb's Toxic Radiance  Pois           9%         N/A       34%         4
 Summon Ice Beast         Ice/Summ       9%         N/A       34%         4
 Animate Armour           Summ/Erth      16%        N/A       38%         4
 Fulminant Prism          Conj/Hex       4%         3d5       38%         4
 Sticky Flame             Conj/Fire      8%         2d3       38%         4
 Petrify                  Tmut/Erth      8%         N/A       41%         4
 Freezing Cloud           Conj/Ice/Air   6%         6-21      52%         5
 Metabolic Englaciation   Hex/Ice        4%         N/A       69%         5
 Alistair's Intoxication  Tmut/Pois      5%         N/A       71%         5
 Blade Hands              Tmut           4%         N/A       75%         5
 Lee's Rapid Deconstruct  Erth           4%         3d5*      75%         5
 Eringya's Noxious Bog    Tmut/Pois      4%         N/A       99%         6
 Iron Shot                Conj/Erth      4%         9d2       99%         6
 Simulacrum               Ice/Necr       4%         N/A       99%         6
 Starburst                Conj/Fire      4%         6d3       99%         6
 Statue Form              Tmut/Erth      5%         N/A       99%         6
 Dragon Form              Tmut           4%         N/A       100%        7
 Monstrous Menagerie      Summ           4%         N/A       100%        7
 Ozocubu's Refrigeration  Ice            4%         4d8       100%        7
 Ignition                 Fire           4%         3d4       100%        8
 Dragon's Call            Summ           4%         N/A       100%        9
 Polar Vortex             Ice            4%         N/A       100%        9


Dungeon Overview and Level Annotations

Branches:
Dungeon (15/15)            Temple (1/1) D:6            Lair (5/5) D:10
 Shoals (0/4) Lair:3       Spider (3/4) Lair:2        Slime (1/5) Lair:4
    Orc (2/2) D:11            Elf (0/3) Orc:2        Vaults (0/5) D:13
 Depths (0/4) D:15        Ossuary (visited)

Altars:
Ashenzari
Cheibriados
Dithmenos
Elyvilon
Fedhas
Gozag
Hepliaklqana
Kikubaaqudgha
Makhleb
Nemelex Xobeh
Okawaru
Qazlal
Ru
Sif Muna
Trog
Uskayaw
Vehumet
Wu Jian
Xom
Yredelemnul
Zin
The Shining One
Jiyva

Shops:
D:1 :   D:5 (   Orc:2 [


Innate Abilities, Weirdness & Mutations

You have razor-sharp teeth.
Your natural rate of healing is unusually fast.
When hurt, damage is shared between your health and your magic reserves.
Your bite disrupts and absorbs the magic of your enemies.
Potions cannot restore your health.


Message History

A sun moth comes into view.
You see here 21 gold pieces.
A spark wasp comes into view.
The spark wasp buzzes angrily.
You hear a faint skittering sound.
The spark wasp bursts into living lightning!
The living lightning misses you.
The spark wasp blinks! x2
The spark wasp stings you! The spark wasp shocks you!
The spark wasp stings you! The spark wasp shocks you!
You see here a scroll of torment.
You slash the spark wasp! You freeze the spark wasp.
The spark wasp is moderately wounded.
The spark wasp barely misses you.
You miss the spark wasp. Your bite misses the spark wasp.
The spark wasp is moderately wounded.
A redback comes into view.
The spark wasp closely misses you.
You hit the spark wasp but do no damage.
You bite the spark wasp, but do no damage.
The spark wasp is moderately wounded.
The spark wasp stings you but does no damage.
The spark wasp stings you. The spark wasp shocks you!
Blink to where?
Press: ? - help, Dir - move target
Found an escape hatch in the floor.
As you read the scroll of blinking, it crumbles to dust.
The spark wasp bursts into living lightning!
The living lightning hits you!
The spark wasp blinks! x2
The spark wasp stings you but does no damage.
The spark wasp attacks as you move away!
The spark wasp stings you!!
* * * LOW HITPOINT WARNING * * *
The spark wasp shocks you!
* * * LOW HITPOINT WARNING * * *
You hit the spark wasp. You freeze the spark wasp.
Your bite misses the spark wasp.
The spark wasp is moderately wounded.
The spark wasp stings you.
* * * LOW HITPOINT WARNING * * *
The spark wasp shocks you!
You die...

##≈#.^##~^........#....
##~.....#~~.............
#≈........~#.....^..^...
#~.......#~...#..#......
#..#..#......?..........y.
#....<#^............#...>
#........^...^......$..<.^.
..........#....^...#.......
#..#......@y......§^.§.#...
##.......#..#..............
#........................s
##~......##.#.......#..#..
≈≈.#......#..#.....^^....
#≈≈.≈#.........#...#?...
#≈##^.>. ^........ ..#. ##
#.. #......... ....


You could see a spark wasp.

Vanquished Creatures
  Gastronok (Lair:3)
  Agnes (D:15)
  An emperor scorpion (Spider:1)
  Snorg (D:10)
  A fire dragon (D:15)
  3 entropy weavers
  2 catoblepae
  8 hydras
  8 two-headed ogres
  5 centaur warriors
  2 radroaches (Spider:1)
  5 boulder beetles
  11 death yaks
  A tengu warrior (D:13)
  2 death knights
  A deep troll shaman (Lair:5)
  Urug (D:10)
  A skyshark (Lair:4)
  7 pharaoh ants
  2 orb spiders
  A death drake (shapeshifter) (D:15)
  A steelbarb worm (Spider:1)
  Pikel (D:5)
  9 wolf spiders
  An orc knight (Orc:2)
  2 orc sorcerers
  3 manticores
  7 ugly things
  A deep elf pyromancer (D:15)
  19 elephants
  5 cyclopes
  2 oklob plants
  10 demonic crawlers
  10 cane toads
  6 torpor snails
  A merfolk siren (Lair:3)
  A cane toad (shapeshifter) (D:15)
  2 gargoyles
  An unseen horror (D:12)
  A kobold demonologist (D:11)
  7 komodo dragons
  2 freezing wraiths (D:15)
  2 rime drakes
  A meliai (shapeshifter) (D:15)
  4 trolls
  A polar bear (Lair:5)
  A hornet (shapeshifter) (D:15)
  8 tarantellas
  7 dream sheep (Lair:3)
  4 blink frogs (Lair:5)
  12 jumping spiders
  Sigmund (D:2)
  19 slime creatures
  7 culicivoras
  2 vampires
  4 shadows
  A yak (shapeshifter) (D:13)
  3 wraiths
  A human (shapeshifter) (D:13)
  32 yaks
  5 wyverns
  4 basilisks
  15 humans
  2 steam dragons (D:6)
  23 redbacks
  Edmund (D:6)
  6 vampire mosquitoes
  Menkaure (D:7)
  2 acid dragons
  4 wargs
  13 water moccasins
  13 orc warriors
  3 ice beasts
  A sky beast (D:7)
  4 black bears
  31 wolves
  20 centaurs
  3 ogres
  A lemure (D:4)
  A phantom (D:5)
  4 kobold brigands
  A necrophage (D:6)
  10 scorpions
  18 bullfrogs
  4 water moccasin zombies (Ossuary)
  16 wights
  3 troll zombies (D:11)
  6 killer bees (D:7)
  4 electric eels
  2 howler monkeys (D:7)
  5 hounds
  2 jellies
  3 gnoll boudas
  10 orc priests
  5 iguanas
  Ijyb (D:3)
  19 orc wizards
  11 hell rats
  5 ogre zombies (D:11)
  2 centaur simulacra (D:10)
  2 mummies (Ossuary)
  7 adders
  20 gnolls
  A shadow imp (D:7)
  3 white imps (D:10)
  A howler monkey simulacrum (D:10)
  An ufetubus (D:10)
  6 adder zombies (Ossuary)
  4 dart slugs
  34 orcs
  9 bats
  11 endoplasms
  2 giant cockroaches (Lair:2)
  7 goblins
  5 hobgoblins
  4 quokkas
  6 ball pythons
  2 frilled lizards
  2 goblin skeletons (D:11)
  5 goblin zombies (D:11)
  A hobgoblin skeleton (D:11)
  6 hobgoblin zombies
  19 kobolds
  6 kobold zombies (Ossuary)
  An orc skeleton (D:11)
  18 orc zombies
  8 rats
742 creatures vanquished.

Vanquished Creatures (others)
  A death yak (Lair:5)
  An orc priest (Orc:1)
  13 fungi
  22 plants
37 creatures vanquished.

Grand Total: 779 creatures vanquished

Notes
Turn   | Place    | Note
-------+----------+-------------------------------------------
     0 | D:1      | Leeroy the Vine Stalker Warper began the quest for the Orb.
     0 | D:1      | Reached XP level 1. HP: 11/11 MP: 4/4
    17 | D:1      | Found Cues's Book Shoppe.
    51 | D:1      | Reached skill level 2 in Long Blades
   133 | D:1      | Reached XP level 2. HP: 12/15 MP: 6/6
   802 | D:2      | Reached skill level 3 in Long Blades
   900 | D:2      | Reached XP level 3. HP: 17/18 MP: 7/7
   910 | D:2      | Noticed Sigmund
  1247 | D:3      | Noticed Ijyb
  1250 | D:3      | Killed Ijyb
  1251 | D:3      | Reached skill level 4 in Long Blades
  1251 | D:3      | Gained mutation: Your natural rate of healing is unusually
                  | fast. [Vine Stalker growth]
  1251 | D:3      | Reached XP level 4. HP: 17/23 MP: 8/8
  1437 | D:3      | Found a faded altar of an unknown god.
  1832 | D:2      | Killed Sigmund
  1833 | D:2      | Reached skill level 5 in Long Blades
  1833 | D:2      | Reached XP level 5. HP: 26/26 MP: 9/9
  1833 | D:2      | Reached XP level 6. HP: 30/30 MP: 10/10
  2626 | D:4      | Reached skill level 6 in Long Blades
  2739 | D:4      | Learned a level 2 spell: Blink
  2743 | D:4      | Learned a level 3 spell: Vhi's Electric Charge
  2748 | D:4      | Learned a level 4 spell: Manifold Assault
  3092 | D:5      | Entered Level 5 of the Dungeon
  3098 | D:5      | Found a broken altar of Ashenzari.
  3116 | D:5      | Reached XP level 7. HP: 27/34 MP: 9/11
  3165 | D:5      | Found a hazy altar of Hepliaklqana.
  3216 | D:5      | Reached skill level 7 in Long Blades
  3236 | D:5      | Found Saokhlas's Antique Weapon Emporium.
  3259 | D:5      | Bought a glowing short sword for 144 gold pieces
  3404 | D:5      | Noticed Pikel
  3610 | D:5      | Killed Pikel
  3611 | D:5      | Reached skill level 5 in Fighting
  3611 | D:5      | Gained mutation: You have razor-sharp teeth. [Vine Stalker
                  | growth]
  3611 | D:5      | Reached XP level 8. HP: 28/44 MP: 7/12
  3805 | D:6      | Noticed Edmund
  4078 | D:6      | Reached skill level 5 in Spellcasting
  4078 | D:6      | Reached XP level 9. HP: 23/48 MP: 10/17
  4264 | D:6      | Reached skill level 1 in Air Magic
  4310 | D:6      | Learned a level 3 spell: Swiftness
  4313 | D:6      | Learned a level 2 spell: Passwall
  4318 | D:6      | Learned a level 4 spell: Iskenderun's Mystic Blast
  4511 | D:6      | Killed Edmund
  4577 | D:6      | Found a staircase to the Ecumenical Temple.
  4597 | Temple   | Entered the Ecumenical Temple
  4926 | Temple   | Became a worshipper of Uskayaw the Reveller
  5011 | D:6      | Reached * piety under Uskayaw
  5101 | D:6      | Reached ** piety under Uskayaw
  5278 | D:7      | Noticed Menkaure
  5299 | D:7      | Killed Menkaure
  5299 | D:7      | Reached *** piety under Uskayaw
  5302 | D:7      | Reached **** piety under Uskayaw
  5533 | D:7      | Reached XP level 10. HP: 36/53 MP: 15/20
  6287 | D:8      | Found a sand-covered staircase.
  6479 | Ossuary  | Entered an ossuary
  7132 | D:8      | Reached skill level 10 in Fighting
  7326 | D:9      | Reached ***** piety under Uskayaw
  7362 | D:9      | Noticed a two-headed ogre
  7373 | D:9      | Killed a two-headed ogre
  7999 | D:9      | Got the Enchiridion on Evolution and Ill Luck
  8190 | D:9      | Reached XP level 11. HP: 65/67 MP: 21/21
  8198 | D:9      | Reached skill level 8 in Long Blades
  8427 | D:10     | Entered Level 10 of the Dungeon
  8440 | D:10     | Noticed Snorg
  8460 | D:10     | Noticed Urug
  8980 | D:10     | Reached skill level 9 in Long Blades
  9000 | D:10     | Killed Urug
  9129 | D:10     | Killed Snorg
  9356 | D:10     | Reached skill level 10 in Long Blades
  9556 | D:10     | Found a staircase to the Lair.
  9556 | D:10     | Noticed an oklob plant
 10163 | D:11     | Noticed a cyclops
 10179 | D:11     | Killed a cyclops
 10242 | D:11     | Noticed a two-headed ogre
 10252 | D:11     | Noticed a two-headed ogre
 10253 | D:11     | Killed a two-headed ogre
 10254 | D:11     | Reached skill level 11 in Long Blades
 10480 | D:11     | Found a staircase to the Orcish Mines.
 10846 | D:11     | Killed a two-headed ogre
 10847 | D:11     | Reached XP level 12. HP: 72/72 MP: 22/22
 11049 | D:12     | Reached skill level 12 in Long Blades
 11209 | Orc:1    | Entered Level 1 of the Orcish Mines
 11775 | Orc:2    | Entered Level 2 of the Orcish Mines
 11895 | Orc:2    | Found a staircase to the Elven Halls.
 11920 | Orc:2    | Reached skill level 13 in Long Blades
 12112 | Orc:2    | Found Rippynkyrha's Antique Armour Shoppe.
 12126 | Orc:2    | Bought a glowing cloak for 225 gold pieces
 12189 | Orc:2    | Noticed an orc high priest
 12193 | Orc:2    | Noticed a soul eater
 12193 | Orc:2    | Noticed an orc high priest
 13005 | D:12     | Noticed a two-headed ogre
 13170 | D:12     | Killed a two-headed ogre
 13171 | D:12     | Reached skill level 14 in Long Blades
 13492 | D:12     | Noticed a two-headed ogre
 13528 | D:12     | Killed a two-headed ogre
 13671 | D:12     | Reached XP level 13. HP: 64/76 MP: 20/23
 13685 | D:12     | Reached ****** piety under Uskayaw
 13686 | D:12     | Reached skill level 15 in Long Blades
 13784 | D:13     | Found a gate to the Vaults.
 14030 | D:13     | HP: 3/76 [gargoyle/+0 morningstar (6)]
 14815 | D:13     | Reached skill level 16 in Long Blades
 16060 | D:15     | Entered Level 15 of the Dungeon
 16223 | D:15     | HP: 3/76 [centaur warrior (7)]
 16224 | D:15     | HP: 1/76 [centaur warrior (2)]
 16777 | D:15     | Reached skill level 10 in Spellcasting
 16777 | D:15     | Reached XP level 14. HP: 72/81 MP: 27/29
 17176 | D:15     | Noticed Agnes
 17185 | D:15     | Killed Agnes
 17634 | D:15     | Got the Catalogue of the Generative Chill
 17701 | D:15     | Found a staircase to the Depths.
 17778 | D:15     | Found a shadowy altar of Dithmenos.
 18213 | Lair:1   | Entered Level 1 of the Lair of Beasts
 18460 | Lair:1   | Reached skill level 5 in Dodging
 18696 | Lair:1   | You fall into a shaft and drop 1 floor!
 19214 | Lair:1   | Learned a level 3 spell: Mephitic Cloud
 19218 | Lair:1   | Learned a level 3 spell: Ozocubu's Armour
 20202 | Lair:2   | Found a hole to the Spider Nest.
 20771 | Lair:3   | Reached XP level 15. HP: 76/85 MP: 24/32
 21112 | Lair:3   | Noticed Gastronok
 21119 | Lair:3   | Killed Gastronok
 21353 | Lair:3   | Found a staircase to the Shoals.
 21850 | Lair:4   | Reached skill level 5 in Translocations
 22090 | Lair:4   | Found a viscous altar of Jiyva.
 22090 | Lair:4   | Found a staircase to the Slime Pits.
 22395 | Slime:1  | Entered Level 1 of the Pits of Slime
 22395 | Slime:1  | Noticed an acid blob
 22431 | Lair:5   | Entered Level 5 of the Lair of Beasts
 23555 | Spider:1 | Entered Level 1 of the Spider Nest
 24072 | Spider:1 | Reached skill level 10 in Translocations
 24361 | Spider:1 | Reached XP level 16. HP: 30/90 MP: 24/33
 24373 | Spider:1 | Reached skill level 1 in Armour
 24495 | Spider:1 | HP: 4/88 [emperor scorpion (12)]
 25893 | Spider:2 | Reached skill level 5 in Armour
 26158 | Spider:2 | Reached skill level 10 in Dodging
 27786 | Spider:3 | Mangled by a spark wasp

Illustrated notes

Levels and vault maps discovered:
D:1:      minmay_arrival_checkered_box, layout_loops_cross, serial_shops, shop
D:2:      layout_loops_corners, uniq_sigmund
D:3:      layout_loops_cross, chequers_ecumenical_altar_simple,
          saegor_snake_ambush, uniq_ijyb
D:4:      layout_basic
D:5:      layout_rooms, mainiacjoe_overflow_catch_the_wave, serial_shops, shop,
          uniq_pikel
D:6:      layout_loops_ring, minmay_temple_entry_fiery,
          hangedman_decor_opposing, uniq_edmund
D:7:      layout_loops_ring, minmay_manual_mandibuliform, uniq_menkaure
D:8:      layout_basic, nicolae_ossuary_entry_ruins, item_on_display_a
D:9:      layout_rooms
D:10:     layout_cave_pods, dpeg_oklobed_lair, serial_ice, serial_ice_m,
          serial_ice_b, serial_ice_a, serial_ice_i, serial_ice_n, serial_ice_h,
          uniq_urug, uniq_snorg
D:11:     layout_irregular_city, zombieorc2_lemuel, serial_column_ruins,
          column_ruins_hut, column_ruins_circle_small,
          column_ruins_columns_corner, column_ruins_corridor_T,
          column_ruins_corridor_straight, column_ruins_grid_1
D:12:     layout_cross
D:13:     layout_stronghold, david_vaults_3, portal_ice_cave_entry_pillars_1
D:14:     layout_irregular_city
D:15:     grunt_enter_depths_hoard, layout_gridville, serial_park_avenue1,
          grunt_dithmenos_smoke_and_mirrors, uniq_agnes
Temple:   mainiacjoe_temple_cubbyholes
Lair:1:   layout_small_grid, beast_lair_carwin_10, serial_bayou_shore_a
Lair:2:   layout_roguey, nicolae_spider_entry_non_spiders
Lair:3:   layout_loops_ring, minmay_shoals_entry_lonely_mermaid,
          beast_lair_carwin_6, uniq_gastronok
Lair:4:   layout_regular_city, dpeg_slime_entry_enclosed
Lair:5:   grunt_lair_end_beastmaster, layout_regular_city
Spider:1: layout_spider_delve, nicolae_spider_some_kinda_spiderbox
Spider:2: layout_spider_delve
Spider:3: layout_spider_delve, drop_trap, uniq_donald
Slime:1:  layout_caves
Orc:1:    layout_caves
Orc:2:    grunt_orc_tribal_feast, layout_caves, serial_shops,
          nicolae_square_shop

Skill      XL: |  1  2  3  4  5  6  7  8  9 10 11 12 13 14 15 16 |
---------------+-------------------------------------------------+-----
Long Blades    | 2 3 4 5 6 7 11 14 16 | 16.0
Fighting       | 5 6 12 | 12.8
Spellcasting   | 5 6 10 12 | 12.9
Air Magic      | 4 |  4.2
Translocations | 4 11 | 11.0
Dodging        | 4 8 9 10 | 10.0
Armour         | 5 |  5.0
Axes           | |  0.3
Maces & Flails | |  0.3
Polearms       | |  0.3
Staves         | |  0.3
Ranged Weapons | |  0.3
Throwing       | |  0.8
Shields        | |  0.3
Hexes          | |  0.3
Summonings     | |  0.3
Necromancy     | |  0.2
Fire Magic     | |  0.2
Ice Magic      | |  0.3
Poison Magic   | |  0.3

Action                     |  1- 3 |  4- 6 |  7- 9 | 10-12 | 13-15 | 16-18 || total
---------------------------+-------+-------+-------+-------+-------+-------++-------
  Melee: Falchion          |    53 |       |       |       |       |       ||    53
         Bite              |    13 |    12 |    76 |   179 |   297 |    45 ||   622
         Long sword        |    15 |    77 |   201 |   242 |       |       ||   535
         Punch             |       |       |     2 |     6 |     5 |       ||    13
         Short sword       |       |       |     3 |    21 |    35 |     6 ||    65
         Dagger            |       |       |       |     6 |       |       ||     6
         Double sword      |       |       |       |   334 |   273 |    16 ||   623
         Great sword       |       |       |       |     4 |   475 |   166 ||   645
  Throw: Boomerang         |       |       |       |    12 |       |       ||    12
         Dart              |       |       |       |    10 |     1 |       ||    11
         Javelin           |       |       |       |     2 |       |     1 ||     3
   Cast: Vhi's Electric Ch |       |       |     9 |     1 |     5 |     5 ||    20
         Blink             |       |       |       |     5 |     2 |     3 ||    10
         Manifold Assault  |       |       |       |       |     5 |    36 ||    41
  Evoke: Wand              |       |       |     3 |    14 |    11 |     4 ||    32
    Use: Scroll            |       |       |       |    25 |    24 |     8 ||    57
         Potion            |       |       |       |       |     2 |     7 ||     9
   Stab: Sleeping          |     1 |       |       |     6 |     1 |       ||     8
         Paralysed         |       |       |     2 |    40 |    65 |    12 ||   119
         Invisible         |       |       |     2 |     6 |     1 |     2 ||    11
         Distracted        |       |       |       |     1 |       |       ||     1
         Petrified         |       |       |       |       |     3 |       ||     3
 Armour: Leather armour    |    21 |    15 |    49 |    81 |       |       ||   166
         Acid dragon scale |       |       |       |    10 |   287 |    64 ||   361
  Dodge: Dodged            |    46 |    43 |   134 |   411 |   611 |   127 ||  1372
         Repelled          |       |     2 |     1 |     7 |     2 |       ||    12

Table legend: (Time is in decaauts)
 A = Elapsed time spent in this place.
 B = Non-inter-level travel time spent in this place.
 C = Inter-level travel time spent in this place.
 D = Time resting spent in this place.
 E = Time spent auto-exploring this place.
 F = Levels seen in this place.
 G = Mean time per level.
                   A        B        C        D        E       F      G
               +--------+--------+--------+--------+--------+-----+--------+
         Total |  27727 |  25797 |   1930 |   3819 |  16682 |  28 |  990.2 |
       Dungeon |  16132 |  14840 |   1292 |   1973 |   9409 |  15 | 1075.5 |
        Temple |    359 |    297 |     62 |      0 |    292 |   1 |  359.0 |
          Lair |   5308 |   5077 |    231 |    362 |   3874 |   5 | 1061.6 |
   Spider Nest |   4211 |   3875 |    336 |    902 |   2416 |   3 | 1403.7 |
    Slime Pits |      1 |      1 |      0 |      0 |      0 |   1 |    1.0 |
  Orcish Mines |   1542 |   1533 |      9 |    582 |    620 |   2 |  771.0 |
       Ossuary |    170 |    170 |      0 |      0 |     70 |   1 |  170.0 |
               +--------+--------+--------+--------+--------+-----+--------+

Top non-repeatable levels by time:
Spider:2: 2486 daAuts
Spider:1: 1643 daAuts
    D:10: 1624 daAuts
    D:14: 1536 daAuts
    D:15: 1459 daAuts
  Lair:1: 1361 daAuts
    D:13: 1264 daAuts
    D:11: 1239 daAuts
     D:7: 1136 daAuts
   Orc:1: 1131 daAuts
  Lair:2: 1117 daAuts
     D:6: 1083 daAuts
  Lair:5: 1033 daAuts
     D:9: 994 daAuts
  Lair:4: 978 daAuts
